 Dungeon Crawl Stone Soup version 0.25.1-1-g288607f (webtiles) character file.

Game seed: 2568350931231885031

469 Gadfly the Ruffian (level 6, -1/62 HPs)
             Began as a Troll Monk on July 21, 2020.
             Slain by an ice beast (13 damage)
             ... on level 4 of the Dungeon.
             The game lasted 00:04:21 (2733 turns).

Gadfly the Ruffian (Troll Monk)                     Turns: 2733, Time: 00:04:22

Health: -1/62      AC:  6    Str: 22    XL:     6   Next: 82%
Magic:  5/5        EV: 10    Int:  6    God:
Gold:   114        SH:  0    Dex: 12    Spells: 5/5 levels left

rFire    . . .     SeeInvis .     - Unarmed
rCold    . . .     Gourm    +   (no shield)
rNeg     . . .     Faith    .   a - +0 robe
rPois    .         Spirit   .   (helmet restricted)
rElec    .         Reflect  .   (no cloak)
rCorr    .         Harm     .   (gloves unavailable)
MR       .....                  (boots unavailable)
Stlth    ++........             (no amulet)
HPRegen  0.60/turn              (no ring)
MPRegen  0.09/turn              (no ring)

@: no status effects
A: large, unfitting armour, claws 3, fast metabolism 3, gourmand, regeneration
1, shaggy fur 1, tough skin 3
a: no special abilities


You were on level 4 of the Dungeon.
You were very full.

You visited 1 branch of the dungeon, and saw 4 of its levels.

You collected 114 gold pieces.

Inventory:

Armour
 a - a +0 robe (worn)
Wands
 e - a wand of digging (3)
Scrolls
 g - a scroll of teleportation
Potions
 c - 4 potions of curing
 d - 2 potions of berserk rage
 i - a potion of cancellation
 j - a potion of lignification
Comestibles
 b - 8 rations
 h - 12 chunks of flesh


   Skills:
 + Level 3.7 Fighting
 + Level 2.5 Armour
 - Level 2.4 Dodging
 - Level 1.0 Stealth
 * Level 5.8 Unarmed Combat
 + Level 1.0 Evocations


You had 5 spell levels left.
You didn't know any spells.
Your spell library was empty.

Dungeon Overview and Level Annotations

Branches:
Dungeon (4/15)
 Temple: D:4-7

Altars:
Ashenzari
Cheibriados
Dithmenos
Fedhas
Gozag
Nemelex Xobeh
Trog

Shops:
D:4 *


Innate Abilities, Weirdness & Mutations

You are too large for most types of armour.
You have claws for hands.
Your metabolism is lightning-fast.
You like to eat raw meat.
Your natural rate of healing is unusually fast.
You are covered in fur. (AC +1)
You have extremely tough skin. (AC +3)


Message History

a cursed -1 dagger; a cursed -2 ring mail; an orc corpse x2
Butcher an orc corpse? [(y)es/(n)o/(a)ll/(q)uit/?]
Butcher an orc corpse? [(y)es/(n)o/(a)ll/(q)uit/?]
There isn't anything else to butcher here.
Butcher an orc corpse? [(y)es/(n)o/(a)ll/(q)uit/?]
You butcher the orc corpse. x2
The ice beast closely misses you.
Items here: %% ) [ ÷÷
Things that are here:
a +0 dagger; a cursed +0 robe You claw the ice beast!
The ice beast is moderately wounded.
The ice beast hits you. The ice beast freezes you!
* * * LOW HITPOINT WARNING * * *
You barely miss the ice beast.
The ice beast is moderately wounded.
The ice beast hits you.
* * * LOW HITPOINT WARNING * * *
The ice beast freezes you!
You die...

#.##!###..#.....###.#
#.##..##.##.###.# #.#
#.###....##.# #.# #.# #.#
###.....# #.# #.# # #.#
#.....### #.# #.. ...
##.##..##....# #.# #..
##..##.........##..##.###.[
.........#########.........
........)Y@...........###..
.#####..########## ..## #..
#... .# ### ...... ..
...PP..# ##..∩P... #...###
#.P...#.. #......
......#### ....###.... #
.#.## .........# #


You could see an ice beast.

Vanquished Creatures
  A phantom (D:4)
  A scorpion (D:2)
  A howler monkey (D:4)
  2 orc priests (D:3)
  An orc wizard (D:4)
  8 adders
  An adder skeleton (D:4)
  5 worms
  A leopard gecko (D:4)
  12 orcs
  A ball python (D:1)
  5 giant cockroaches
  14 goblins
  11 hobgoblins
  8 jackals
  8 kobolds
  2 quokkas
  7 bats
  10 frilled lizards
  12 rats
111 creatures vanquished.

Notes
Turn   | Place    | Note
-------+----------+-------------------------------------------
     0 | D:1      | Gadfly the Troll Monk began the quest for the Orb.
     0 | D:1      | Reached XP level 1. HP: 22/22 MP: 0/0
   159 | D:1      | Reached XP level 2. HP: 25/29 MP: 1/1
   764 | D:1      | Reached XP level 3. HP: 36/36 MP: 2/2
   985 | D:2      | Reached skill level 1 in Armour
  1019 | D:2      | Found a sparkling altar of Nemelex Xobeh.
  1021 | D:2      | Found a shattered altar of Ashenzari.
  1021 | D:2      | Found a blossoming altar of Fedhas.
  1021 | D:2      | Found an opulent altar of Gozag.
  1101 | D:2      | Reached skill level 4 in Unarmed Combat
  1168 | D:2      | Reached XP level 4. HP: 40/44 MP: 3/3
  1211 | D:2      | Found a shadowy altar of Dithmenos.
  1622 | D:3      | Reached XP level 5. HP: 51/53 MP: 4/4
  1814 | D:3      | Reached skill level 5 in Unarmed Combat
  1820 | D:3      | Found a snail-covered altar of Cheibriados.
  2472 | D:4      | Reached XP level 6. HP: 51/61 MP: 5/5
  2553 | D:4      | Found a bloodstained altar of Trog.
  2562 | D:4      | Reached skill level 1 in Evocations
  2704 | D:4      | Found Usuevaci's Assorted Antiques.
  2723 | D:4      | Noticed an ice beast
  2733 | D:4      | Slain by an ice beast

Illustrated notes

Levels and vault maps discovered:
D:1:      dpeg_arrival_rooms_c, layout_basic
D:2:      layout_rooms, grunt_temple_overflow_open, first_ration,
          nicolae_dithmenos_shadow_blocks
D:3:      layout_loops_corners, cheibriados_altar_1
D:4:      layout_rooms, serial_shops, nicolae_shop_overgrown_old_shop,
          trog_three_pillars_becter

Skill      XL: |  1  2  3  4  5  6 |
---------------+-------------------+-----
Armour         | 1 2 |  2.5
Unarmed Combat | 4 5 |  5.8
Fighting       | 3 |  3.7
Evocations     | 1 |  1.0
Dodging        | |  2.4
Stealth        | |  1.0

Action                   |  1- 3 |  4- 6 || total
-------------------------+-------+-------++-------
Melee: Unarmed           |   123 |   163 ||   286
       Punch             |       |     2 ||     2
  Use: Scroll            |       |    10 ||    10
 Stab: Sleeping          |     2 |     4 ||     6
  Eat: Chunk             |    16 |    14 ||    30
Armor: Robe              |    46 |    66 ||   112
Dodge: Dodged            |    63 |    78 ||   141
